 Dungeon Crawl Stone Soup version 0.24-a0-434-gd57e52fea8 (webtiles) character file.

Game seed: 13790149770535632907

711 vurker the Chopper (level 7, -2/56 HPs)
             Began as a Demonspawn Gladiator on June 16, 2019.
             Succumbed to Duvessa's poison
             ... on level 4 of the Dungeon.
             The game lasted 00:06:45 (3935 turns).

vurker the Chopper (Demonspawn Gladiator)           Turns: 3935, Time: 00:06:45

Health: -2/56      AC: 15    Str: 21    XL:     7   Next: 40%
Magic:  7/7        EV:  7    Int: 10    God:
Gold:   130        SH:  0    Dex: 14    Spells: 6/6 levels left

rFire    + . .     SeeInvis .   a - +0 war axe
rCold    . . .     Gourm    .   (no shield)
rNeg     . . .     Faith    .   n - +0 plate armour
rPois    .         Spirit   .   p - +1 helmet
rElec    .         Reflect  .   (no cloak)
rCorr    .         Harm     .   (no gloves)
MR       +....                  t - +0 pair of boots
Stlth    ..........             (no amulet)
HPRegen  0.18/turn              l - ring of protection from magic
MPRegen  0.10/turn              i - ring of protection from fire

@: mighty, lethally poisoned (-2 -> -53)
A: hooves 1, slimy green scales 1, foul stench 1, nightstalker 1, rot immunity
a: no special abilities


You were on level 4 of the Dungeon.
You were hungry.

You visited 1 branch of the dungeon, and saw 4 of its levels.

You collected 130 gold pieces.

Inventory:

Hand Weapons
 a - a +0 war axe (weapon)
Missiles
 d - 3 throwing nets (quivered) {!f}
Armour
 n - a +0 plate armour (worn)
   (You found it on level 2 of the Dungeon)
 p - a +1 helmet (worn)
   (You found it on level 3 of the Dungeon)
 q - the cursed +0 helmet of Lethargy {Str+3 Int+4}
   (You took it off Robin on level 4 of the Dungeon)

   It affects your strength (+3).
   It affects your intelligence (+4).
   It has a curse placed upon it.
 s - a +0 pair of gloves
   (You found it on level 4 of the Dungeon)
 t - a +0 pair of boots (worn)
   (You found it on level 4 of the Dungeon)
Jewellery
 i - a ring of protection from fire (right hand)
   (You found it on level 1 of the Dungeon)
 l - a ring of protection from magic (left hand)
   (You found it on level 1 of the Dungeon)
Wands
 r - a wand of polymorph (8)
   (You took it off Robin on level 4 of the Dungeon)
Scrolls
 f - a scroll of enchant weapon {unknown}
 g - a scroll of blinking {unknown}
 h - a scroll of teleportation {@r4}
 j - 6 scrolls of identify {unknown}
 o - 2 scrolls of remove curse {unknown}
Potions
 k - a potion of flight
Comestibles
 e - 12 rations {!d}


   Skills:
 + Level 5.0 Fighting
 * Level 6.7 Axes
 - Level 1.7 Throwing
 - Level 2.6 Dodging


You had 6 spell levels left.
You didn't know any spells.
Your spell library was empty.

Dungeon Overview and Level Annotations

Branches:
Dungeon (4/15)
 Temple: D:4-7

Altars:
Ashenzari
Zin


Innate Abilities, Weirdness & Mutations

You have large cloven feet.
You are partially covered in slimy green scales. (AC +2)
You may emit foul miasma when damaged in melee.
You are slightly more attuned to the shadows.
You are immune to rotting.


Message History

You feel very sick. Dowan hits you but does no damage.
Duvessa hits you but does no damage.
You are lethally poisoned!
You slash Duvessa! You hit Dowan but do no damage.
You feel very sick. Dowan hits you but does no damage.
Duvessa hits you but does no damage.
You hit Duvessa but do no damage. You slash Dowan!
You kill Dowan!
Duvessa weeps, then rights herself and shakes her weapon.
Duvessa goes berserk!
You feel very sick.
Duvessa hits you with a +2 rapier of venom.
You are more poisoned.
You hit Duvessa but do no damage.
You feel very sick.
Duvessa hits you with a +2 rapier of venom.
You are more poisoned.
Duvessa hits you with a +2 rapier of venom!
* * * LOW HITPOINT WARNING * * *
You are more poisoned.
You hit Duvessa but do no damage.
* * * LOW HITPOINT WARNING * * *
You feel very sick.
Duvessa hits you with a +2 rapier of venom.
* * * LOW HITPOINT WARNING * * *
You are more poisoned.
You slash Duvessa!
You kill Duvessa!
Your Fighting skill increases to level 5!
* * * LOW HITPOINT WARNING * * *
You feel extremely sick.
Okay, then.
It was a potion of ambrosia.
You are confused.
You feel invigorated.
* * * LOW HITPOINT WARNING * * *
You feel very sick.
You feel very mighty all of a sudden.
* * * LOW HITPOINT WARNING * * *
You feel very sick.
* * * LOW HITPOINT WARNING * * *
You feel very sick.
Unknown command.
* * * LOW HITPOINT WARNING * * *
You feel very sick.
You feel less invigorated.
You feel less confused.
* * * LOW HITPOINT WARNING * * *
You feel very sick.
You die...

#.. #...##############
#...#......##....#
#...#......##....#
#..........##....#
#..........##....#
#..........##....#
#####..>...)........)###.
................@..)......
###.##.##......##.....##..
....##.##(.....###....#
.......###.##### #...##
....#..# #.# #.#...
....#..# .# ..#.#..
....#..# #.##.#..###
....#..#
####.##.#...<######
.......#
....................#


There were no monsters in sight!

Vanquished Creatures
  Menkaure (D:4)
  Duvessa (D:4)
  An ogre (D:4)
  Dowan (D:4)
  3 orc priests (D:3)
  2 orc wizards (D:3)
  Natasha (D:4)
  Robin (D:4)
  2 gnolls (D:4)
  6 adders
  An adder skeleton (D:2)
  A worm (D:3)
  2 dart slugs
  A leopard gecko (D:1)
  9 orcs
  5 giant cockroaches
  16 goblins
  10 hobgoblins
  11 jackals
  5 kobolds
  A quokka (D:3)
  2 ball pythons (D:1)
  7 bats
  5 frilled lizards
  13 rats
108 creatures vanquished.

Notes
Turn   | Place    | Note
-------+----------+-------------------------------------------
     0 | D:1      | vurker the Demonspawn Gladiator began the quest for the
                  | Orb.
     0 | D:1      | Reached XP level 1. HP: 16/16 MP: 1/1
   252 | D:1      | Reached skill level 3 in Axes
   289 | D:1      | Gained mutation: You have large cloven feet. [demonic
                  | ancestry]
   289 | D:1      | Reached XP level 2. HP: 21/22 MP: 2/2
   736 | D:1      | Reached XP level 3. HP: 28/28 MP: 3/3
  1338 | D:2      | Reached skill level 4 in Axes
  1485 | D:2      | Found a shattered altar of Ashenzari.
  1506 | D:2      | Gained mutation: You are partially covered in slimy green
                  | scales. (AC +2) [demonic ancestry]
  1506 | D:2      | Reached XP level 4. HP: 34/34 MP: 4/4
  2612 | D:3      | Found a glowing silver altar of Zin.
  2721 | D:3      | Gained mutation: You are slightly more attuned to the
                  | shadows. [demonic ancestry]
  2721 | D:3      | Reached XP level 5. HP: 41/41 MP: 5/5
  2740 | D:3      | Reached skill level 5 in Axes
  2862 | D:3      | Gained mutation: You are immune to rotting. [demonic
                  | ancestry]
  2862 | D:3      | Reached XP level 6. HP: 23/48 MP: 6/6
  3212 | D:4      | Identified the cursed +0 helmet of Lethargy {Str+3 Int+4}
  3212 | D:4      | Noticed Robin
  3229 | D:4      | Killed Robin
  3643 | D:4      | Noticed Menkaure
  3649 | D:4      | Killed Menkaure
  3649 | D:4      | Reached skill level 6 in Axes
  3805 | D:4      | Gained mutation: You may emit foul miasma when damaged in
                  | melee. [demonic ancestry]
  3805 | D:4      | Reached XP level 7. HP: 40/55 MP: 7/7
  3907 | D:4      | Noticed Natasha
  3907 | D:4      | Noticed Dowan
  3909 | D:4      | Noticed Duvessa
  3913 | D:4      | Killed Natasha
  3926 | D:4      | Killed Dowan
  3929 | D:4      | Killed Duvessa
  3929 | D:4      | Reached skill level 5 in Fighting
  3934 | D:4      | HP: 1/56 [poisoned by Duvessa]
  3935 | D:4      | Succumbed to Duvessa's poison

Levels and vault maps discovered:
D:1:      dpeg_arrival_shelter, layout_loops_cross
D:2:      layout_loops_ring, ashenzari_conservatory_becter
D:3:      layout_rooms, lemuel_doored_altar
D:4:      layout_rooms, first_ration, uniq_natasha, uniq_duvessa, uniq_robin,
          uniq_menkaure

Skill      XL: |  1  2  3  4  5  6  7 |
---------------+----------------------+-----
Axes           | 3 4 5 6 |  6.7
Fighting       | 3 4 5 |  5.0
Throwing       | |  1.7
Dodging        | |  2.6

Action                   |  1- 3 |  4- 6 |  7- 9 || total
-------------------------+-------+-------+-------++-------
Melee: War axe           |   163 |   147 |    15 ||   325
       Kick              |    24 |    31 |       ||    55
  Use: Potion            |       |     4 |     3 ||     7
       Scroll            |       |     1 |       ||     1
  Eat: Chunk             |     2 |     4 |       ||     6
       Ration            |       |     1 |       ||     1
Armor: Leather armour    |    41 |       |       ||    41
       Plate armour      |    27 |   138 |    15 ||   180
       Scale mail        |    20 |       |       ||    20
       Skin              |       |     4 |       ||     4
Dodge: Dodged            |   128 |    46 |     3 ||   177

Table legend:
 A = Non-vault XP
 B = Vault XP
 C = Vault XP percentage of total XP
 D = Non-vault monster count
 E = Vault monster count
 F = Vault count percentage of total count
                 A         B        C        D         E       F
            +---------+---------+-------+---------+---------+-------
      Total |     568 |     448 |  44.1 |      92 |      16 |  14.8
            +---------+---------+-------+---------+---------+-------
        D:1 |      43 |       0 |   0.0 |      26 |       0 |   0.0
        D:2 |      76 |       0 |   0.0 |      31 |       0 |   0.0
        D:3 |     284 |       0 |   0.0 |      27 |       0 |   0.0
        D:4 |     165 |     448 |  73.1 |       8 |      16 |  66.7
            +---------+---------+-------+---------+---------+-------
